Map: 아크로폴리스 - 래더

Players

Cure - Winner!

  • Race: Terran Terran
  • League: Master
  • Spawn Location: 11:00

GyulzzinG

  • Race: Protoss Protoss
  • League: Master
  • Spawn Location: 5:00

VOD

Have the link to the VOD?

Description

Time

  • Played on: Aug. 20, 2019, 6:35 a.m.
  • Length: 7:54
Show
View Real Time Build Order
Export as new Build Order

Cure Terran - Winner!

Build Orders: Gas First Reaper Expand 

Get SALT Encoding   

  12  0:00  SCV  
  13  0:12  SCV  
  14  0:16  Supply Depot  
  14  0:24  SCV  
  14  0:27  Refinery  
  15  0:38  SCV  
  16  0:44  Barracks  
  16  0:50  SCV  
  17  1:02  SCV  
  18  1:14  SCV  
  19  1:31  Orbital Command, Reaper  
  20  1:43  Command Center  
  20  1:53  Factory  
  20  1:56  SCV  
  21  2:05  Barracks Reactor  
  21  2:06  Supply Depot  
  21  2:09  SCV  
  22  2:21  SCV  
  23  2:27  Barracks  
  23  2:33  SCV  
  24  2:45  SCV  
  24  2:48  Hellion x2  
  24  2:50  Barracks Tech Lab  
  28  2:57  SCV  
  29  2:59  Orbital Command  
  29  3:08  Marine  
  29  3:09  Hellion x2  
  29  3:10  SCV  
  35  3:14  Marine  
  35  3:17  Supply Depot  
  36  3:23  SCV  
  36  3:24  SCV  
  36  3:27  Marine  
  39  3:34  Stimpack  
  39  3:35  SCV  
  39  3:36  SCV  
  39  3:38  Marine  
  39  3:39  Marine  
  43  3:42  Supply Depot  
  43  3:43  Refinery  
  43  3:44  Marine  
  43  3:47  SCV  
  45  3:48  SCV  
  45  3:49  Starport  
  45  3:51  Factory Reactor  
  46  3:57  Refinery  
  46  4:00  SCV x2  
  46  4:01  Marine  
  49  4:03  Marauder  
  49  4:04  Marine  
  46  4:12  SCV  
  46  4:13  SCV  
  45  4:18  Bunker  
  45  4:22  Supply Depot, Marine  
  45  4:23  Marine  
  49  4:24  Marauder  
  49  4:25  SCV  
  49  4:26  SCV  
  49  4:29  Medivac  
  53  4:35  Widow Mine x2  
  53  4:38  SCV x2  
  59  4:43  Marine  
  59  4:44  Supply Depot, Marine  
  61  4:47  Marauder  
  61  4:50  SCV  
  61  4:51  SCV  
  65  4:54  Supply Depot  
  65  4:59  Barracks  
  65  5:02  Factory Tech Lab  
  65  5:05  SCV x2  
  67  5:08  Engineering Bay  
  67  5:10  Medivac  
  67  5:11  Medivac  
  71  5:15  Marauder  
  71  5:18  SCV x2  
  71  5:20  Marine  
  76  5:21  Marine  
  76  5:23  Combat Shield, Refinery  
  77  5:30  Supply Depot  
  77  5:31  Factory Reactor, SCV x2  
  79  5:38  Marine, Terran Infantry Weapons Level 1  
  79  5:39  Marine  
  80  5:43  SCV x2  
  80  5:47  Marauder  
  84  5:52  Supply Depot  
  84  5:53  Supply Depot, Concussive Shells  
  84  5:54  Marauder  
  84  5:56  Marine  
  87  5:57  Marine  
  87  6:01  Medivac  
  90  6:10  Marauder  
  90  6:14  Marine  
  90  6:15  Marauder, Marine  
  90  6:16  Command Center  
  90  6:17  Widow Mine  
  90  6:18  Widow Mine  
  98  6:21  Medivac  
  100  6:27  Supply Depot  
  100  6:29  Supply Depot  
  100  6:34  Marine x2  
  100  6:35  Marauder, Medivac  
  100  6:36  Marauder  
  100  6:38  SCV x2  
  110  6:48  Barracks  
  110  6:49  Barracks  
  110  6:54  Marine x2  
  107  6:55  Widow Mine  
  107  6:56  Marauder  
  107  6:58  Widow Mine, Marauder  
  107  7:00  SCV x2  
  118  7:08  Medivac, Ghost Academy  
  118  7:09  Medivac  
  118  7:13  SCV x2  
  123  7:18  Marauder, Marine  
  123  7:20  Marauder  
  117  7:31  SCV x2  
  117  7:34  Marine  
  117  7:44  Barracks Reactor  
  117  7:45  Barracks Tech Lab  
  114  7:52  Refinery  
  114  7:53  Refinery  
Show
View Real Time Build Order
Export as new Build Order

GyulzzinG Protoss 

Build Orders: 1 Gate Expand, Blink Stalkers 

Get SALT Encoding   

  12  0:00  Probe  
  13  0:13  Probe  
  14  0:18  Pylon  
  14  0:24  Probe  
  15  0:32  Probe  
  15  0:38  Gateway  
  15  0:41  Probe  
  16  0:48  Assimilator  
  17  0:51  Probe  
  18  1:03  Probe  
  19  1:15  Probe  
  20  1:29  Nexus  
  20  1:36  Cybernetics Core  
  20  1:38  Probe  
  21  1:48  Assimilator  
  21  1:53  Probe  
  22  1:55  Pylon  
  22  2:03  Stalker  
  22  2:13  Warp Gate  
  22  2:14  Probe  
  25  2:26  Probe  
  26  2:33  Sentry  
  28  2:38  Probe  
  28  2:41  Probe  
  30  2:49  Stalker  
  30  2:50  Probe  
  31  2:54  Probe  
  31  2:56  Twilight Council  
  31  3:02  Probe x2  
  34  3:06  Pylon  
  34  3:10  Probe  
  35  3:14  Gateway, Probe  
  37  3:20  Probe  
  37  3:25  Blink  
  37  3:26  Probe  
  39  3:30  Gateway  
  39  3:32  Probe  
  40  3:39  Probe  
  41  3:44  Pylon  
  41  3:48  Probe  
  42  3:50  Assimilator  
  42  3:51  Probe  
  43  4:00  Probe  
  43  4:01  Stalker  
  44  4:04  Probe  
  38  4:11  Probe  
  38  4:13  Probe  
  38  4:14  Stalker  
  39  4:19  Probe  
  39  4:21  Probe  
  40  4:25  Stalker x2  
  40  4:27  Probe  
  40  4:30  Probe  
  47  4:38  Probe  
  47  4:42  Probe  
  49  4:51  Nexus  
  49  4:55  Forge  
  49  4:58  Stalker  
  52  5:00  Probe  
  52  5:02  Probe  
  53  5:11  Robotics Facility, Stalker  
  53  5:13  Probe  
  56  5:16  Charge  
  56  5:17  Probe, Protoss Ground Weapons Level 1  
  56  5:19  Sentry  
  59  5:25  Pylon  
  60  5:28  Probe  
  60  5:31  Probe  
  61  5:40  Probe  
  61  5:42  Pylon  
  62  5:43  Probe  
  62  5:44  Zealot, Sentry  
  67  5:51  Gateway  
  67  5:54  Gateway  
  67  6:00  Stalker  
  69  6:06  Immortal  
  67  6:14  Stalker  
  73  6:20  Zealot  
  75  6:29  Zealot  
  77  6:37  Pylon, Probe x3  
  77  6:38  Zealot  
  82  6:45  Immortal  
  82  6:46  Zealot x2  
  90  6:52  Zealot  
  90  6:55  Zealot  
  90  7:00  Probe x2, Zealot  
  94  7:10  Gateway  
  94  7:11  Zealot  
  94  7:12  Sentry  
  96  7:17  Zealot  
  96  7:18  Zealot  
  92  7:26  Zealot  
  84  7:33  Zealot  
  80  7:38  Zealot x3  
  73  7:47  Zealot  
Tags
 
Add a new tag
Caveats
  • Supply blocks, unpowered buildings, or Contaminate may cause inaccurate times.
  • Supply counts are checked every 10 seconds.